 Dungeon Crawl Stone Soup version 0.30.0-29-ga12c61a403 (webtiles) character file.

Game seed: 17880979831078691445

78 safid the Chiller (level 4, 0/33 HPs)
             Began as a Merfolk Ice Elementalist on June 22, 2023.
             Slain by a quasit (1 damage)
             ... summoned by Eustachio
             ... on level 4 of the Dungeon.
             The game lasted 00:03:54 (1311 turns).

safid the Chiller (Merfolk Ice Elementalist)        Turns: 1311, Time: 00:03:54

Health: 0/33       AC:  3    Str:  8      XL:     4   Next: 36%
Magic:  0/8        EV: 12    Int: 22      God:
Gold:   44         SH:  0    Dex: 10 (14) Spells: 1/8 levels left

rFire   . . .        b - +1 dagger
rCold   . . .        (no shield)
rNeg    + . .        a - +0 robe
rPois   .            (no helmet)
rElec   .            (no cloak)
rCorr   .            (no gloves)
SInv    .            j - +0 pair of boots
Will    .....        (no amulet)
Stlth   ++           d - ring of positive energy
HPRegen 0.25/turn    h - +6 ring of intelligence
MPRegen 0.11/turn

%: no passive effects
@: lethally poisoned (0 -> -5), freezing walls
A: (nimble swimmer 2), mertail
a: no special abilities


You were on level 4 of the Dungeon.
You visited 1 branch of the dungeon, and saw 3 of its levels.

You collected 44 gold pieces.

Inventory:

Hand Weapons
 b - a +1 dagger (weapon)
Armour
 a - a +0 robe (worn)
 j - a +0 pair of boots (worn)
Jewellery
 d - a ring of positive energy (left hand)
 h - a +6 ring of intelligence (right hand)
Wands
 g - a wand of iceblast (10)
Scrolls
 c - a scroll of blinking {unknown}
 f - a scroll of enchant weapon
 i - a scroll of amnesia {unknown}
 k - a scroll of identify {unknown}
Potions
 e - a potion of cancellation


   Skills:
 + Level 2.2 Fighting
 - Level 2.6 Dodging
 - Level 2.1 Stealth
 + Level 2.9 Spellcasting
 + Level 5.1 Ice Magic


You had one spell level left.
You knew the following spells:

 Your Spells              Type           Power      Damage    Failure   Level
a - Freeze                Ice            100%       1d10      1%          1
b - Frozen Ramparts       Ice            50%        1d8       4%          3
c - Ozocubu's Armour      Ice            25%        N/A       4%          3

Your spell library contained the following spells:

 Spells                   Type           Power      Damage    Failure   Level
 Sting                    Tmut/Pois      12%        1d3       13%         1
 Cigotuvi's Dreadful Rot  Necr/Pois/Air  6%         N/A       19%         2
 Poisonous Vapours        Pois/Air       6%         N/A       19%         2
 Ignite Poison            Fire/Tmut/Pois 3%         N/A       36%         3
 Summon Ice Beast         Ice/Summ       14%        N/A       41%         4
 Olgreb's Toxic Radiance  Pois           3%         N/A       77%         4
 Freezing Cloud           Conj/Ice/Air   5%         6-21      86%         5


Dungeon Overview and Level Annotations

Branches:
Dungeon (2/15)

Altars:

Annotations:
D:4 Blork the orc, Eustachio


Innate Abilities, Weirdness & Mutations

((You are very nimble when in or above water. (Stealth+, EV+, Speed+++)))
Your lower body shifts to a powerful aquatic tail in water.


Message History

The wall freezes the river rat.
The wall freezes Eustachio!
You hit Eustachio but do no damage.
Eustachio is heavily wounded.
Your icy armour evaporates.
The quasit completely resists.
The wall freezes the quasit but does no damage.
The quasit bites you. The quasit claws you. The quasit barely misses you.
The quasit resists.
The wall freezes the quasit.
The quasit completely resists.
The wall freezes the quasit but does no damage.
The quasit barely misses you. x3; The wall freezes Eustachio.
Eustachio hits you with a +0 rapier of venom!
The wall freezes the river rat but does no damage.
You hit Eustachio but do no damage.
Eustachio is heavily wounded.
The quasit resists.
The wall freezes the quasit.
The quasit resists.
The wall freezes the quasit.
The quasit barely misses you. The quasit claws you.
* * * LOW HITPOINT WARNING * * *
You feel clumsy.
The quasit claws you but does no damage.
The wall freezes the river rat but does no damage.
The wall freezes Eustachio.
Eustachio hits you with a +0 rapier of venom.
* * * LOW HITPOINT WARNING * * *
You are lethally poisoned!
You hit Eustachio.
Eustachio is heavily wounded.
* * * LOW HITPOINT WARNING * * *
You feel sick.
The quasit disappears in a puff of smoke!
The quasit resists.
The wall freezes the quasit.
The wall freezes Eustachio but does no damage.
Eustachio casts a spell.
Eustachio blinks!
The quasit resists.
The wall freezes the quasit.
The quasit bites you.
* * * LOW HITPOINT WARNING * * *
You feel clumsy.
The quasit claws you but does no damage.
The quasit claws you.
You die...

#..........# #.# #....#
#..........# #.###.##.#
#..........# #.....##.#
#..........# ########[#
#.....)....# #.....#
######)##### #.##### #.# #.#..
#######.################.#.#
........#......§@5.r.....#.##
...............########.....#
#########.#......# #.....#
#.....##.#.##.#.######.....#
#.....##.#.##.......##.....#
##.....##.#.####..B..##.....#
.......##...####...[5.#.....#
........†..............>....####
.......#########.....#..........


You could see a quasit (summoned) and a river rat (summoned).

Vanquished Creatures
  Ijyb (D:4)
  An ufetubus (D:4)
  2 dart slugs (D:1)
  9 endoplasms
  2 giant cockroaches (D:4)
  7 goblins (D:1)
  2 hobgoblins (D:1)
  2 kobolds
  9 ball pythons (D:1)
  A bat (D:1)
  3 rats (D:1)
39 creatures vanquished.

Notes
Turn   | Place    | Note
-------+----------+-------------------------------------------
     0 | D:1      | safid the Merfolk Ice Elementalist began the quest for the
                  | Orb.
     0 | D:1      | Reached XP level 1. HP: 13/13 MP: 3/3
    83 | D:1      | Reached XP level 2. HP: 9/20 MP: 0/5
   189 | D:1      | Reached skill level 1 in Fighting
   420 | D:1      | Reached XP level 3. HP: 25/26 MP: 2/6
   964 | D:2      | You fall into a shaft and drop 2 floors!
  1001 | D:4      | Noticed Blork the orc
  1066 | D:4      | Noticed Ijyb
  1080 | D:4      | Killed Ijyb
  1081 | D:4      | Reached skill level 5 in Ice Magic
  1081 | D:4      | Reached XP level 4. HP: 8/33 MP: 2/8
  1111 | D:4      | Learned a level 3 spell: Frozen Ramparts
  1115 | D:4      | Learned a level 3 spell: Ozocubu's Armour
  1255 | D:4      | Noticed Eustachio
  1311 | D:4      | HP: 1/33 [quasit[Eustachio] (3)]
  1311 | D:4      | Slain by a quasit

Illustrated notes

Levels and vault maps discovered:
D:1:      dpeg_arrival_round_b, layout_basic, minmay_pentomino_r4
D:2:      layout_loops_corners, basic_altar, minmay_small_reverse_x
D:4:      layout_basic, serial_shops, shop, uniq_blork_the_orc, uniq_eustachio,
          uniq_ijyb

Skill      XL: |  1  2  3 |
---------------+----------+-----
Fighting       | 1 2 |  2.2
Ice Magic      | 5 |  5.1
Dodging        | |  2.6
Stealth        | |  2.1
Spellcasting   | |  2.9

Action                     |  1- 3 |  4- 6 || total
---------------------------+-------+-------++-------
  Melee: Unarmed           |     8 |       ||     8
         Dagger            |    25 |    25 ||    50
   Cast: Freeze            |    51 |       ||    51
         Frozen Ramparts   |       |     3 ||     3
         Ozocubu's Armour  |       |     1 ||     1
    Use: Potion            |     3 |       ||     3
         Scroll            |       |     1 ||     1
   Stab: Sleeping          |     1 |       ||     1
 Armour: Robe              |    10 |    34 ||    44
         Skin              |     3 |       ||     3
  Dodge: Dodged            |    58 |    51 ||   109
